 Seeded DCSS version 0.30.1-4-g462c640d31 (webtiles) character file.

Game seed: 6351066067085065685 (custom seed)

2 Esekla the Magician (level 1, -3/10 HPs)
             Began as a Deep Elf Wanderer on Sept 8, 2023.
             Slain by a hound (5 damage)
             ... on level 5 of the Dungeon.
             The game lasted 00:04:22 (327 turns).

Esekla the Magician (Deep Elf Wanderer)              Turns: 327, Time: 00:04:22

Health: -3/10      AC:  2    Str: 11    XL:     1   Next: 25%
Magic:  7/7        EV: 10    Int: 17    God:
Gold:   24         SH:  4    Dex: 11    Spells: 6/8 levels left

rFire   . . .        a - +1 short sword
rCold   . . .        d - +0 buckler
rNeg    . . .        c - +0 robe
rPois   .            (no helmet)
rElec   .            (no cloak)
rCorr   .            (no gloves)
SInv    .            (no boots)
Will    .....        (no amulet)
Stlth   ++           (no ring)
HPRegen 0.21/turn    (no ring)
MPRegen 0.10/turn

%: no passive effects
@: no status effects
A: no striking features
a: no special abilities


You were on level 5 of the Dungeon.
You visited 1 branch of the dungeon, and saw 4 of its levels.

You collected 24 gold pieces.

Inventory:

Hand Weapons
 a - a +1 short sword (weapon)
Armour
 c - a +0 robe (worn)
 d - a +0 buckler (worn)
Wands
 j - a wand of roots (7)
Potions
 b - a potion of lignification
 f - a potion of attraction
 h - a potion of haste {unknown}
 i - a potion of curing {unknown}


   Skills:
 + Level 1.2 Stealth
 + Level 1.7 Shields
 * Level 4.4 Spellcasting
 * Level 0.2 Necromancy
 + Level 2.1 Translocations
 + Level 1.0 Invocations


You had 6 spell levels left.
You knew the following spells:

 Your Spells              Type           Power      Damage    Failure   Level
a - Magic Dart            Conj           12%        1d3       22%         1
p - Apportation           Tloc           22%        N/A       9%          1

Your spell library contained the following spells:

 Spells                   Type           Power      Damage    Failure   Level
 Blink                    Tloc           22%        N/A       14%         2
 Lesser Beckoning         Tloc           22%        N/A       14%         2
 Vampiric Draining        Necr           4%         2d6       52%         3
 Ignite Poison            Fire/Tmut/Pois 3%         N/A       54%         3


Dungeon Overview and Level Annotations

Branches:
Dungeon (3/15)

Altars:


Message History

Casting: Apportation (safe; 9% risk of failure)
Confirm with . or Enter, or press ? or * to list all spells.
Aiming: Apportation (safe; 9% risk of failure)
Press: ? - help, Dir - move target Apport: a scroll labelled MANIROASHRE Yoink!
You pull the item towards yourself.
You block the adder's attack.
As you read the scroll of fear, it crumbles to dust.
You assume a fearsome visage.
The adder looks frightened!
The iguana looks frightened!
k - a scroll labelled MANIROASHRE A hound comes into view.
The hound barks!
A hound comes into view.
Okay, then.
Okay, then.
As you read the scroll labelled BUGABINK IGUEV, it crumbles to dust.
It is a scroll of enchant weapon.
Your +0 short sword glows red for a moment.
As you read the scroll labelled MANIROASHRE, it crumbles to dust.
The scroll dissolves into smoke.
It was a scroll of fog.
As you read the scroll labelled OPUZOUSOET, it crumbles to dust.
It is a scroll of identify.
f - a potion of attraction The hound bites you but does no damage.
Okay, then.
It was a potion of ambrosia.
You are confused.
You feel invigorated. The hound bites you but does no damage.
The hound bites you.
You bump into the rock wall.
The hound barely misses you.
You feel less invigorated.
You feel less confused. The hound barely misses you. The hound bites you.
The hound bites you. The hound attacks as you move away! The hound bites you.
* * * LOW HITPOINT WARNING * * *
The hound bites you.
Ouch! That really hurt!
You die...

# .# .h#. #....
#..... ###....
###§§..#. ...#.#
#§§§..... ..##.#
#h#§ ..# #.##.#
#@# ... #.##S#
#§## #.###.##.#
#§##. #...)...##
#.##.. #........
#.# #.# ##..#####
#.# #.###.#.# #
#.# #.#.##.#####
#.######........^.
#..............###


You could see a hound.

Vanquished Creatures
  2 kobolds (D:1)
2 creatures vanquished.

Notes
Turn   | Place    | Note
-------+----------+-------------------------------------------
     0 | D:1      | Esekla the Deep Elf Wanderer began the quest for the Orb.
     0 | D:1      | Esekla set off with the following items: a +0 club, a
                  | potion of lignification, a +0 robe, a +0 buckler; and the
                  | following spells available to memorise: Apportation, Blink,
                  | Lesser Beckoning, Magic Dart, Ignite Poison, Vampiric
                  | Draining.
     0 | D:1      | Reached XP level 1. HP: 10/10 MP: 7/7
     2 | D:1      | Learned a level 1 spell: Magic Dart
     4 | D:1      | Learned a level 1 spell: Apportation
   249 | D:3      | You fall into a shaft and drop 2 floors!
   249 | D:5      | Entered Level 5 of the Dungeon
   282 | D:5      | Noticed an iguana
   319 | D:5      | Noticed a hound
   319 | D:5      | Noticed a hound
   327 | D:5      | Slain by a hound

Illustrated notes

Levels and vault maps discovered:
D:1:      sevenhm_arrival_forest_fort_small_3, layout_rooms,
          chequers_serial_rivers_room_b, minmay_misc_feat_five
D:2:      layout_loops_ring, dreamdust_ecumenical_altar_angels_and_demons,
          serial_shops, shop
D:3:      layout_basic, grunt_temple_overflow_open, minmay_misc_feat_iff
D:5:      layout_loops_ring, lemuel_doored_altar, minmay_misc_feat_rows,
          dreamdust_wishing_well

Action                     || total
---------------------------++-------
   Cast: Magic Dart        ||     5
         Apportation       ||     4
    Use: Scroll            ||     5
         Potion            ||     1
 Armour: Robe              ||     4
  Dodge: Dodged            ||     7
  Block: Buckler           ||     2
